 Dungeon Crawl Stone Soup version 0.30-a0-782-ge64f9170bb (webtiles) character file.

Game seed: 966368486754346596

254102 jasper the Devastator (level 19, -12/152 HPs)
             Began as a Demonspawn Cinder Acolyte on Feb 18, 2023.
             Was an Elder of Sif Muna.
             Killed from afar by a crystal guardian (72 damage)
             ... with a crystal bolt
             ... on level 3 of the Elven Halls.
             The game lasted 01:40:28 (60432 turns).

jasper the Devastator (Demonspawn Cinder Acolyte)  Turns: 60432, Time: 01:40:28

Health: -12/152    AC: 18    Str: 17    XL:     19   Next: 1%
Magic:  13/33      EV: 10    Int: 22    God:    Sif Muna [****..]
Gold:   2002       SH: 13    Dex:  8    Spells: 4/38 levels left

rFire   + . .      SeeInvis .    O - staff of earth
rCold   . . .      Faith    .    U - +1 buckler {rF+}
rNeg    . . .      Spirit   .    B - +4 acid dragon scales
rPois   +          Reflect  .    G - +2 helmet
rElec   .          Harm     .    P - +0 cloak {rPois}
rCorr   +          Rampage  .    (gloves unavailable)
Will    ++...                    w - +0 pair of boots
Stlth   +                        i - amulet of regeneration
HPRegen 1.25/turn                F - ring of willpower
MPRegen 0.23/turn                u - ring of wizardry

@: no status effects
A: large bone plates 3, demonic guardian 2, spiny 3, corrupting presence 1,
demonic touch 3
}: 2/15 runes: decaying, serpentine
a: Renounce Religion, Channel Magic, Forget Spell, Divine Exegesis


You were on level 3 of the Elven Halls.
You worshipped Sif Muna.
Sif Muna was greatly pleased with you.
You visited 7 branches of the dungeon, and saw 34 of its levels.
You also visited: Sewer.

You collected 4416 gold pieces.
You spent 2414 gold pieces at shops.

Inventory:

Hand Weapons
 D - the +3 spear "Meiliff" {flame, rElec rPois}
   (You found it on level 2 of the Snake Pit)

   rElec:     It insulates you from electricity.
   rPois:     It protects you from poison.
Missiles
 g - 300 stones
 o - 8 javelins
 N - 8 curare-tipped darts
 R - 3 throwing nets
Armour
 w - a +0 pair of boots (worn)
 B - +4 acid dragon scales (worn)
 G - a +2 helmet (worn)
 P - a +0 cloak of poison resistance (worn)
 U - a +1 buckler of fire resistance (worn)
Magical Staves
 O - a staff of earth (weapon)
Jewellery
 i - an amulet of regeneration (around neck)
 q - a ring of willpower
 u - a ring of wizardry (right hand)
 C - a +4 ring of protection
 F - a ring of willpower (left hand)
 K - a ring of protection from cold
 Y - an amulet of magic regeneration
Wands
 e - a wand of polymorph (11)
 r - a wand of paralysis (27)
 y - a wand of mindburst (6)
 E - a wand of iceblast (26)
 L - a wand of digging (16)
 M - a wand of flame (39)
 W - a wand of quicksilver (22)
Scrolls
 f - 19 scrolls of teleportation
 j - 5 scrolls of silence
 p - 3 scrolls of poison
 H - 7 scrolls of fear
 I - a scroll of amnesia
 Q - 3 scrolls of blinking
 S - 7 scrolls of fog
 T - 4 scrolls of immolation
 X - 19 scrolls of identify
Potions
 b - a potion of invisibility
 c - 7 potions of mutation
 d - 5 potions of might
 l - 16 potions of curing
 m - 7 potions of brilliance
 n - 5 potions of lignification
 t - 8 potions of flight
 v - 4 potions of ambrosia
 x - 4 potions of haste
 z - 7 potions of berserk rage
 A - 3 potions of cancellation
 J - 3 potions of magic
 V - 5 potions of resistance
Miscellaneous
 h - a condenser vane (inert)
 k - a box of beasts
 s - a phial of floods
 Z - a tin of tremorstones (2/2)


   Skills:
 - Level 14.0 Fighting
 - Level 4.0 Maces & Flails
 - Level 8.0 Armour
 - Level 4.0 Shields
 - Level 10.0 Spellcasting
 + Level 18.4 Conjurations
 - Level 7.0 Necromancy
 - Level 10.0 Fire Magic
 - Level 3.0 Air Magic
 + Level 16.9 Earth Magic
 - Level 9.1 Invocations


You had 4 spell levels left.
You knew the following spells:

 Your Spells              Type           Power      Damage    Failure   Level
a - Scorch                Fire           100%       2d10      1%          2
b - Flame Wave            Conj/Fire      65%        2d15      1%          4
c - Sticky Flame          Conj/Fire      65%        2d8       1%          4
d - Borgnjor's Vile Clut  Necr/Erth      38%        N/A       1%          5
e - Stone Arrow           Conj/Erth      100%       3d13      0%          3
f - Passwall              Tmut/Erth      53%        N/A       1%          2
g - Swiftness             Air            24%        N/A       3%          3
h - Mephitic Cloud        Conj/Pois/Air  42%        N/A       1%          3
i - Lehudib's Crystal Sp  Conj/Erth      46%        10d11     19%         8

Your spell library contained the following spells:

 Spells                   Type           Power      Damage    Failure   Level
 Sandblast                Erth           100%       2d20      0%          1
 Searing Ray              Conj           100%       2d8       0%          2
 Kiss of Death            Conj/Necr      100%       2d13      1%          1
 Shock                    Conj/Air       100%       1d9       1%          1
 Momentum Strike          Conj/Tloc      100%       3d10      1%          2
 Dazzling Flash           Conj/Hex       100%       N/A       1%          3
 Hailstorm                Conj/Ice       51%        3d11      1%          3
 Animate Armour           Summ/Erth      100%       N/A       1%          4
 Iskenderun's Mystic Bla  Conj/Tloc      51%        2d11      1%          4
 Petrify                  Tmut/Erth      64%        N/A       1%          4
 Kindle Blastsparks       Fire/Tloc/Air  60%        2d15      2%          3
 Dispel Undead            Necr           41%        3d16      2%          4
 Ignite Poison            Fire/Tmut/Pois 25%        N/A       3%          3
 Apportation              Tloc           22%        N/A       4%          1
 Freeze                   Ice            44%        1d6       4%          1
 Confusing Touch          Hex            11%        N/A       12%         3
 Frozen Ramparts          Ice            22%        1d4       12%         3
 Gell's Gravitas          Tloc           11%        N/A       12%         3
 Teleport Other           Tloc           11%        N/A       12%         3
 Airstrike                Air            12%        2d(2-18)  12%         4
 Manifold Assault         Tloc           11%        N/A       36%         4
 Arcjolt                  Conj/Air       27%        1d37      1%          5
 Iskenderun's Battlesphe  Conj           75%        2d12      1%          5
 Lightning Bolt           Conj/Air       27%        1d44      1%          5
 Starburst                Conj/Fire      32%        6d10      1%          6
 Conjure Ball Lightning   Conj/Air       27%        3x3d8     8%          6
 Statue Form              Tmut/Erth      42%        N/A       19%         6
 Alistair's Intoxication  Tmut/Pois      7%         N/A       69%         5
 Metabolic Englaciation   Hex/Ice        5%         N/A       69%         5
 Summon Forest            Summ/Tloc      5%         N/A       69%         5
 Summon Mana Viper        Hex/Summ       11%        N/A       69%         5
 Shatter                  Erth           45%        3d35*     98%         9
 Dispersal                Tloc           5%         N/A       99%         6
 Eringya's Noxious Bog    Tmut/Pois      5%         N/A       99%         6
 Summon Cactus Giant      Summ           5%         N/A       99%         6
 Haunt                    Necr/Summ      13%        N/A       100%        7
 Disjunction              Tloc           5%         N/A       100%        8
 Maxwell's Capacitive Co  Air            12%        ∞         100%        8
 Necromutation            Tmut/Necr      13%        N/A       100%        8


Dungeon Overview and Level Annotations

Branches:
Dungeon (15/15)            Temple (1/1) D:6            Lair (5/5) D:11
  Swamp (4/4) Lair:2        Snake (4/4) Lair:2        Slime (0/5) Lair:5
    Orc (2/2) D:12            Elf (3/3) Orc:2        Vaults (0/5) D:14
 Depths (0/4) D:15          Sewer (visited)

Altars:
Ashenzari
Cheibriados
Dithmenos
Fedhas
Gozag
Hepliaklqana
Kikubaaqudgha
Makhleb
Nemelex Xobeh
Okawaru
Qazlal
Ru
Sif Muna
Trog
Uskayaw
Vehumet
Wu Jian
Xom
Yredelemnul

Shops:
D:3 [*[   D:7 *   Orc:2 [*[(   Snake:2 =??*   Snake:3 (

Annotations:
D:7 2 runed translucent doors
Snake:2 2 runed translucent doors, Qob Tera's ghost, adept DsGl
Elf:2 3 runed translucent doors


Innate Abilities, Weirdness & Mutations

You are completely covered in large bone plates. (SH +8)
A demonic guardian rushes to your aid.
You are completely covered in sharp spines.
Your presence sometimes corrodes those you injure.
Your touch may irresistibly damage your foes and sap their willpower.


Message History

Press: ? - help, Shift-Dir - straight line, f/p - deep elf elementalist
Aim: a deep elf elementalist, wielding a +2 spectral quarterstaff and wearing a +0 robe (fast, repelling missiles, 51% to hit)
You feel a surge of power!
The crystal spear hits the deep elf elementalist!!!
The deep elf elementalist is severely wounded.
The deep elf elementalist barely misses you.
The crystal guardian fires a crystalline bolt at you.
The crystal bolt burns you! You resist.
The deep elf elementalist is struck by your spines.
The deep elf elementalist hits you with a +2 spectral quarterstaff.
You take 15 damage, and have 62/152 hp.
You now have 21/33 mp.
Casting: Lehudib's Crystal Spear (dangerous; 19% risk of failure)
Confirm with . or Enter, or press ? or * to list all spells.
Aiming: Lehudib's Crystal Spear (dangerous; 19% risk of failure)
Press: ? - help, Shift-Dir - straight line, f/p - deep elf elementalist
Aim: a deep elf elementalist, wielding a +2 spectral quarterstaff and wearing a +0 robe (severely wounded, fast, repelling missiles, 51% to hit)
You feel a surge of power!
The deep elf elementalist repels the crystal spear!
The crystal guardian is struck by your spines.
The crystal guardian closely misses you.
A deep elf sorcerer comes into view.
It is wielding a +0 long sword and wearing a +1 robe of fire resistance.
The deep elf elementalist hits you with a +2 spectral quarterstaff.
A demonic guardian appears!
You take 5 damage, and have 57/152 hp.
You now have 13/33 mp.
The crystal guardian attacks as you move away!
The crystal guardian closely misses you.
The deep elf elementalist attacks as you move away!
The deep elf elementalist hits you but does no damage.
The deep elf sorcerer wildly gestures.
The deep elf sorcerer glows brightly for a moment.
Your lorocyproca hits the crystal guardian!!
The crystal guardian's magic leaks into the air.
Things that are here:
a +1 long sword of flaming; an elf skeleton You regained 2 hp, and now have 59/152 hp.
The deep elf elementalist is struck by your spines.
The deep elf elementalist hits you but does no damage.
The crystal guardian fires a crystalline bolt at you.
The crystal bolt freezes you!!!!
You die...

≈~~~≈≈≈≈≈≈~≈~≈≈~≈≈≈≈≈≈≈≈≈≈≈≈≈≈≈≈≈
#################################
...........).....................
............).).)................
###'#########'#######'###'#######
.....|...#..[)..)#.....#.........
.....)...#[..)...#.....#.........
.........')...)).'.....'...^.....
################@################
#.e)..# #29)..# ##)e.## *##.##*
***,....*** ***,,......,***
****,,,....!....,****
****,,,,,...?....9.,,,,****


You could see a crystal guardian (ally target, magic disrupted), a deep elf
sorcerer, a deep elf elementalist (fast, repels missiles) and a friendly
lorocyproca (summoned, invisible).

Vanquished Creatures
  A deep elf blademaster (Elf:3)
  A deep elf master archer (Elf:3)
  Agnes (Elf:1)
  Kirke (Snake:3)
  A thorn hunter (Swamp:4)
  4 nagarajas
  9 deep elf sorcerers
  Aizul (Snake:1)
  2 deep elf elementalists (Elf:3)
  An orc warlord (Orc:2)
  4 deep elf demonologists
  An eleionoma (Swamp:1)
  2 bunyips
  7 deep elf annihilators (Elf:3)
  4 crystal guardians (Elf:3)
  A fire dragon (D:15)
  3 deep elf death magi
  A shambling mangrove (Swamp:4)
  Josephine (D:13)
  Fannar (Orc:1)
  14 hydras
  A rakshasa (D:15)
  4 deep elf high priests (Elf:3)
  4 vault guards (D:14)
  A merfolk avatar (Lair:5)
  A catoblepas (Lair:4)
  5 salamander tyrants (Snake:4)
  Erica (D:8)
  13 anacondas
  3 ghost crabs
  6 centaur warriors
  6 alligators
  2 death yaks
  12 naga warriors
  2 boulder beetles
  5 two-headed ogres
  A tengu warrior (D:14)
  15 dancing weapons
  9 naga sharpshooters
  9 deep elf knights
  Sonja (D:11)
  6 shock serpents
  Amaemon (D:11)
  6 spriggan druids
  5 goliath frogs
  Lodul (D:11)
  6 salamander mystics
  4 sea snakes
  3 naga ritualists (Snake:4)
  3 skysharks (Lair:5)
  A skeletal warrior (D:14)
  12 swamp dragons
  A wizard (D:14)
  A sea snake (shapeshifter) (Elf:2)
  5 deep elf archers
  3 lindwurms (Swamp:4)
  4 bog bodies
  33 deep elf pyromancers
  3 necromancers (Elf:1)
  6 mana vipers
  20 deep elf zephyrmancers
  A harpy (Lair:5)
  4 orc sorcerers
  6 ugly things
  26 salamanders
  3 manticores
  2 will-o-the-wisps (Swamp:2)
  2 cyclopes
  3 guardian serpents (Snake:4)
  8 cane toads
  25 black mambas
  10 naga magi
  An orange demon (Lair:1)
  7 elephants
  Maurice (D:12)
  3 gargoyles
  An unseen horror (D:11)
  2 torpor snails
  An unseen horror (shapeshifter) (D:15)
  10 komodo dragons
  6 rime drakes
  An efreet (D:14)
  A tengu conjurer (D:15)
  A yaktaur (D:14)
  5 trolls
  A wind drake (Lair:5)
  A bloated husk (Swamp:4)
  7 hornets
  A meliai (shapeshifter) (Elf:3)
  15 tyrant leeches
  6 polar bears
  20 blink frogs
  5 slime creatures
  5 centaur simulacra
  11 spriggans
  A culicivora (shapeshifter) (D:14)
  2 snapping turtles (Lair:5)
  9 wraiths
  3 wyverns
  A shadow (D:10)
  An air elemental (Elf:3)
  2 water elementals (Elf:1)
  33 yaks
  22 fire elementals
  2 unseen horror simulacra (D:10)
  2 basilisks
  A redback (shapeshifter) (Elf:1)
  A steam dragon (Lair:3)
  27 vampire mosquitoes
  10 swamp worms
  A large abomination (Elf:1)
  2 swamp worms (shapeshifter)
  8 wargs
  33 nagas
  An acid dragon (D:7)
  12 water moccasins
  28 orc warriors
  5 swamp drakes
  5 ice beasts
  2 black bears
  25 ogres
  5 centaurs
  22 wolves
  5 elf zombies (Elf:1)
  7 kobold brigands
  10 bullfrogs
  2 earth elementals (Elf:3)
  3 gnoll sergeants
  A necrophage (D:6)
  2 scorpions (D:4)
  9 wights
  9 killer bees
  13 howler monkeys
  3 electric eels
  12 hounds
  25 orc priests
  2 jellies
  6 iguanas
  Jessica (D:2)
  38 orc wizards
  A hell rat (Sewer)
  A boggart simulacrum (D:14)
  22 gnolls
  6 adders
  2 river rats (Sewer)
  A shadow imp (D:6)
  5 white imps
  A howler monkey simulacrum (D:10)
  2 ufetubi
  4 dart slugs
  97 orcs
  3 endoplasms
  5 giant cockroaches
  9 hobgoblins
  6 jackals
  25 kobolds
  3 quokkas
  3 ball pythons
  4 bats
  2 frilled lizards
  7 goblins
  4 rats
1115 creatures vanquished.

Vanquished Creatures (collateral kills)
  A deep elf sorcerer (Elf:3)
  Nessos (Lair:4)
  A very ugly thing (D:15)
  A deep elf annihilator (Elf:3)
  Snorg (Lair:5)
  A slime creature (D:15)
  A great orb of eyes (D:15)
  A crystal guardian (Elf:3)
  A salamander tyrant (Snake:4)
  4 hydras (Swamp:4)
  A catoblepas (D:14)
  A naga warrior (Snake:4)
  A naga sharpshooter (Snake:2)
  A spriggan druid (Swamp:2)
  A death drake (shapeshifter) (D:13)
  A bog body (Swamp:1)
  2 swamp dragons
  A steelbarb worm (shapeshifter) (D:14)
  2 ugly things (D:15)
  2 cane toads (Lair:4)
  A tyrant leech (Swamp:4)
  2 hornets
  A wraith (D:13)
  2 wyverns
  A yak (Lair:3)
  A fire elemental (Lair:5)
  2 swamp worms (Swamp:2)
  A naga (Snake:4)
  2 kobold brigands (D:8)
  A howler monkey (D:13)
40 creatures vanquished.

Vanquished Creatures (others)
  A deep elf knight (Elf:3)
  A deep elf pyromancer (Elf:3)
  A deep elf zephyrmancer (Elf:3)
  A cane toad (Lair:5)
  A bloated husk (Swamp:1)
  A tyrant leech (Swamp:1)
  4 humans (Snake:4)
  43 foxfires
  32 fungi
  94 plants
179 creatures vanquished.

Grand Total: 1334 creatures vanquished

Notes
Turn   | Place    | Note
-------+----------+-------------------------------------------
     0 | D:1      | jasper the Demonspawn Cinder Acolyte began the quest for
                  | the Orb.
     0 | D:1      | Reached XP level 1. HP: 18/18 MP: 2/2
   343 | D:1      | Gained mutation: You are partially covered in large bone
                  | plates. (SH +4) [demonic ancestry]
   343 | D:1      | Reached XP level 2. HP: 24/24 MP: 3/3
   355 | D:1      | Got the Dissertation on the Mutagenic Burn
   496 | D:1      | Found a faded altar of an unknown god.
   741 | D:1      | Learned a level 2 spell: Scorch
  1036 | D:2      | Noticed Jessica
  1044 | D:2      | Killed Jessica
  1045 | D:2      | Gained mutation: You are partially covered in sharp spines.
                  | [demonic ancestry]
  1045 | D:2      | Reached XP level 3. HP: 23/29 MP: 4/4
  1817 | D:3      | Gained mutation: Your touch may inflict minor irresistible
                  | damage on your foes. [demonic ancestry]
  1817 | D:3      | Reached XP level 4. HP: 35/35 MP: 6/6
  1820 | D:3      | Found Asawias's Assorted Antiques.
  1828 | D:3      | Bought a helmet for 85 gold pieces
  1828 | D:3      | Bought a lumpy inky potion for 17 gold pieces
  1828 | D:3      | Bought a smoky emerald potion for 17 gold pieces
  1916 | D:3      | Found Jurches's Armour Shoppe.
  1979 | D:3      | Found Nodghyqaju's Antique Armour Emporium.
  2155 | D:3      | Found a shimmering altar of Xom.
  2162 | D:3      | Found a radiant altar of Vehumet.
  2517 | D:4      | Noticed a scorpion
  2536 | D:4      | Reached XP level 5. HP: 41/41 MP: 5/8
  2801 | D:4      | Learned a level 4 spell: Flame Wave
  2811 | D:4      | Gained mutation: Your touch may inflict irresistible damage
                  | on your foes. [demonic ancestry]
  2811 | D:4      | Reached XP level 6. HP: 47/47 MP: 5/11
  2995 | D:4      | Reached skill level 1 in Conjurations
  3384 | D:4      | Reached skill level 2 in Conjurations
  3477 | D:5      | Entered Level 5 of the Dungeon
  3618 | D:5      | Gained mutation: A weak demonic guardian rushes to your
                  | aid. [demonic ancestry]
  3618 | D:5      | Reached XP level 7. HP: 52/52 MP: 3/12
  3919 | D:5      | Reached skill level 5 in Fire Magic
  4036 | D:5      | Found a glowing drain.
  4052 | Sewer    | Entered a sewer
  4165 | Sewer    | Reached skill level 3 in Conjurations
  5161 | D:6      | Reached skill level 5 in Spellcasting
  5161 | D:6      | Reached XP level 8. HP: 58/58 MP: 12/15
  5194 | D:6      | Reached skill level 4 in Conjurations
  5635 | D:6      | Found a bloodstained altar of Trog.
  5644 | D:6      | Reached skill level 5 in Conjurations
  6133 | D:6      | Found a staircase to the Ecumenical Temple.
  6592 | D:7      | Found Bucras's General Store.
  6718 | D:7      | Bought a potion of curing for 39 gold pieces
  6718 | D:7      | Bought a potion of haste for 130 gold pieces
  6718 | D:7      | Bought a potion of curing for 39 gold pieces
  6841 | D:7      | Found a large runed translucent door.
  6841 | D:7      | Found a large runed translucent door.
  6866 | D:7      | Bought a wand of mindburst (5) for 91 gold pieces
  6907 | D:7      | Noticed a troll
  6908 | D:7      | Noticed a two-headed ogre
  6914 | D:7      | Found a large runed translucent door.
  6914 | D:7      | Found a large runed translucent door.
  6978 | D:7      | Reached skill level 6 in Conjurations
  6978 | D:7      | Gained mutation: Your touch may irresistibly damage your
                  | foes and sap their willpower. [demonic ancestry]
  6978 | D:7      | Reached XP level 9. HP: 61/63 MP: 13/18
  7100 | D:7      | Reached skill level 7 in Conjurations
  7100 | D:7      | Reached skill level 1 in Shields
  7705 | D:8      | Reached skill level 1 in Armour
  7943 | D:8      | Reached skill level 5 in Fighting
  8193 | D:8      | Reached XP level 10. HP: 66/76 MP: 7/19
  8344 | D:8      | Learned a level 4 spell: Sticky Flame
  8348 | D:8      | Learned a level 3 spell: Kindle Blastsparks
  8596 | D:8      | Noticed Erica
  8610 | D:8      | Killed Erica
  9312 | D:9      | Noticed a two-headed ogre
  9324 | D:9      | Killed a two-headed ogre
  9325 | D:9      | Reached skill level 5 in Armour
 10016 | D:10     | Entered Level 10 of the Dungeon
 10081 | D:10     | Gained mutation: You are mostly covered in sharp spines.
                  | [demonic ancestry]
 10081 | D:10     | Reached XP level 11. HP: 87/87 MP: 7/20
 10419 | D:10     | Noticed a death yak
 10451 | D:10     | Killed a death yak
 10858 | D:10     | Reached skill level 8 in Conjurations
 11161 | D:10     | Reached skill level 10 in Fighting
 11809 | D:11     | Noticed a two-headed ogre
 11858 | D:11     | Noticed Lodul
 11866 | D:11     | Killed Lodul
 11925 | D:11     | Killed a two-headed ogre
 12203 | D:11     | Noticed Sonja
 12212 | D:11     | Killed Sonja
 12591 | D:11     | You fall into a shaft and drop 2 floors!
 12599 | D:13     | a jumping spider changed into a death drake
 12599 | D:13     | Noticed a death drake (shapeshifter)
 12615 | D:13     | Killed a death drake
 12616 | D:13     | Reached XP level 12. HP: 19/100 MP: 1/21
 12763 | D:13     | Noticed a centaur warrior
 12771 | D:13     | Killed a centaur warrior
 12904 | D:13     | Noticed Josephine
 12905 | D:13     | Reached skill level 9 in Conjurations
 12914 | D:13     | Killed Josephine
 13209 | D:11     | Found a staircase to the Lair.
 13600 | Lair:1   | Entered Level 1 of the Lair of Beasts
 13649 | Lair:1   | Noticed Amaemon
 13710 | D:12     | Noticed Maurice
 13719 | D:12     | Killed Maurice
 14159 | D:12     | Noticed a two-headed ogre
 14164 | D:12     | Killed a two-headed ogre
 14734 | D:12     | Found a staircase to the Orcish Mines.
 15169 | Orc:1    | Entered Level 1 of the Orcish Mines
 15611 | Orc:1    | You fall into a shaft and drop 1 floor!
 15611 | Orc:2    | Entered Level 2 of the Orcish Mines
 15998 | Orc:1    | Noticed Fannar
 16013 | Orc:1    | Killed Fannar
 17050 | Orc:2    | Found Eroeg's Antique Armour Emporium.
 17055 | Orc:2    | Bought a runed buckler for 195 gold pieces
 17206 | Orc:2    | Reached XP level 13. HP: 109/109 MP: 7/23
 17611 | Orc:2    | Found Zicled's Assorted Antiques.
 17619 | Orc:2    | Bought a scroll of fear for 152 gold pieces
 17656 | Orc:2    | Found a staircase to the Elven Halls.
 17808 | Orc:2    | Found Luheumul's Antique Weapon Shop.
 17810 | Orc:2    | Found Potale's Antique Armour Boutique.
 17884 | Orc:2    | Found an iron altar of Okawaru.
 18049 | Orc:2    | Noticed an orc warlord
 18305 | D:13     | Reached skill level 10 in Conjurations
 19064 | D:11     | Killed Amaemon
 19553 | Lair:1   | Learned a level 3 spell: Stone Arrow
 19900 | Lair:2   | Reached skill level 10 in Fire Magic
 20242 | Lair:2   | Identified the +0 leather armour of Indecent Exposure {Harm
                  | rC- Str+6 Dex-5}
 20928 | Lair:2   | You fall into a shaft and drop 2 floors!
 20948 | Lair:4   | Noticed Nessos
 21330 | Lair:3   | Learned a level 2 spell: Passwall
 21383 | Lair:3   | Reached skill level 10 in Spellcasting
 21395 | Lair:3   | Reached skill level 1 in Earth Magic
 21506 | Lair:3   | Gained mutation: A demonic guardian rushes to your aid.
                  | [demonic ancestry]
 21506 | Lair:3   | Reached XP level 14. HP: 120/120 MP: 23/28
 22500 | Temple   | Entered the Ecumenical Temple
 22560 | Temple   | Fell from the grace of Ignis
 22560 | Temple   | Became a worshipper of Sif Muna the Loreminder
 23465 | Lair:2   | Found a staircase to the Snake Pit.
 23657 | Lair:2   | Reached skill level 5 in Earth Magic
 23715 | Lair:2   | Found a staircase to the Swamp.
 23963 | Lair:4   | Killed Nessos
 24824 | Lair:4   | Reached * piety under Sif Muna
 24973 | Lair:4   | You fall into a shaft and drop 1 floor!
 24973 | Lair:5   | Entered Level 5 of the Lair of Beasts
 26226 | Lair:5   | Reached ** piety under Sif Muna
 27002 | Lair:5   | Reached skill level 1 in Invocations
 27103 | Lair:5   | Found a staircase to the Slime Pits.
 27549 | Lair:5   | Noticed Snorg
 27559 | Lair:5   | Killed Snorg
 27560 | Lair:5   | Reached skill level 5 in Invocations
 29466 | D:14     | Found a gate to the Vaults.
 29639 | D:14     | Gained mutation: Your presence sometimes corrodes those you
                  | injure. [demonic ancestry]
 29639 | D:14     | Reached XP level 15. HP: 105/126 MP: 0/29
 30697 | D:14     | Reached *** piety under Sif Muna
 31182 | D:15     | Entered Level 15 of the Dungeon
 31295 | D:15     | Learned a level 5 spell: Borgnjor's Vile Clutch
 31380 | D:15     | Was forgiven by Ignis
 31565 | D:15     | Reached skill level 1 in Necromancy
 33077 | D:15     | Reached skill level 5 in Necromancy
 33375 | D:15     | Found a staircase to the Depths.
 33606 | Snake:1  | Entered Level 1 of the Snake Pit
 34506 | Snake:1  | Noticed Aizul
 34512 | Snake:1  | Killed Aizul
 35411 | Snake:2  | Reached skill level 11 in Conjurations
 35426 | Snake:2  | Reached skill level 10 in Earth Magic
 35432 | Snake:2  | Noticed a nagaraja
 35641 | Snake:2  | Killed a nagaraja
 35836 | Snake:2  | Identified the +9 dagger of Damp Forgiveness {spect,
                  | Stlth+}
 36049 | Snake:2  | Identified the +3 spear "Meiliff" {flame, rElec rPois}
 36166 | Snake:2  | Found Oluottemp's Assorted Antiques.
 36180 | Snake:2  | Found Use Giq's Magic Scroll Boutique.
 36180 | Snake:2  | Found Gohuga's Magic Scroll Shop.
 36272 | Snake:2  | Bought a scroll of teleportation for 72 gold pieces
 36272 | Snake:2  | Bought a potion of resistance for 240 gold pieces
 36272 | Snake:2  | Bought a scroll of teleportation for 72 gold pieces
 36272 | Snake:2  | Bought a clear potion for 21 gold pieces
 36279 | Snake:2  | Found Esuocseaz's Jewellery Shop.
 36282 | Snake:2  | Bought a scroll of teleportation for 51 gold pieces
 36282 | Snake:2  | Bought 2 scrolls of fog for 136 gold pieces
 36285 | Snake:2  | Bought an amulet of magic regeneration for 390 gold pieces
 36288 | Snake:2  | Bought a scroll of fear for 60 gold pieces
 36288 | Snake:2  | Bought a scroll of fog for 60 gold pieces
 36288 | Snake:2  | Bought a scroll of teleportation for 45 gold pieces
 36288 | Snake:2  | Bought a scroll of enchant armour for 112 gold pieces
 36296 | Snake:2  | Bought a ring of wizardry for 390 gold pieces
 36641 | Snake:2  | Found a large runed translucent door.
 36641 | Snake:2  | Found a large runed translucent door.
 36648 | Snake:2  | Noticed Qob Tera's ghost (adept DsGl)
 37463 | Snake:3  | Reached **** piety under Sif Muna
 37606 | Snake:3  | Gained mutation: You are completely covered in sharp
                  | spines. [demonic ancestry]
 37606 | Snake:3  | Reached XP level 16. HP: 105/133 MP: 9/30
 37705 | Snake:3  | Reached skill level 12 in Conjurations
 37791 | Snake:3  | Found Somoo's Weapon Shop.
 38232 | Snake:4  | Entered Level 4 of the Snake Pit
 38386 | Snake:4  | Noticed Kirke
 38398 | Snake:3  | Killed Kirke
 40456 | Snake:4  | Reached skill level 13 in Conjurations
 42749 | Snake:4  | Reached skill level 14 in Conjurations
 43914 | Snake:4  | Gained mutation: You are mostly covered in large bone
                  | plates. (SH +6) [demonic ancestry]
 43914 | Snake:4  | Reached XP level 17. HP: 125/139 MP: 19/31
 43932 | Snake:4  | Got a serpentine rune of Zot
 44558 | Swamp:1  | Entered Level 1 of the Swamp
 44639 | Swamp:1  | Learned a level 3 spell: Swiftness
 44736 | Swamp:1  | Reached skill level 1 in Air Magic
 46271 | Swamp:2  | Reached ***** piety under Sif Muna
 46661 | Swamp:2  | Reached skill level 15 in Conjurations
 47318 | Swamp:3  | Received a gift from Sif Muna
 47323 | Swamp:3  | Got Rekh's Papyrus of the Shapeshifter and Ouranomancy {god
                  | gift}
 47330 | Swamp:2  | Learned a level 3 spell: Mephitic Cloud
 48940 | Swamp:4  | Entered Level 4 of the Swamp
 50387 | Swamp:4  | Identified a scroll of acquirement
 50399 | Swamp:4  | Acquired 1134 gold pieces
 50663 | Swamp:4  | Reached skill level 16 in Conjurations
 51036 | Swamp:4  | Got a decaying rune of Zot
 51842 | Swamp:4  | Found an iron altar of Okawaru.
 52874 | Elf:1    | Entered Level 1 of the Elven Halls
 53043 | Elf:1    | Reached skill level 15 in Earth Magic
 53720 | Elf:1    | Reached XP level 18. HP: 138/145 MP: 11/32
 53823 | Elf:1    | Got the Reference Book on Last Rites
 54456 | Elf:1    | Learned a level 8 spell: Lehudib's Crystal Spear
 54499 | Elf:1    | Identified the +5 demon blade of Hard Scrabble {vamp, rF+}
 54973 | Elf:1    | Noticed Agnes
 54983 | Elf:1    | Killed Agnes
 55153 | Elf:1    | Received a gift from Sif Muna
 55155 | Elf:1    | Got Sif Muna's Dissertation on the Wild Geologist {god
                  | gift}
 55335 | Elf:1    | Found a radiant altar of Vehumet.
 56207 | Elf:2    | Reached skill level 17 in Conjurations
 56340 | Elf:2    | Found a runed translucent gate.
 56341 | Elf:2    | Found a runed translucent gate.
 56341 | Elf:2    | Found a runed translucent gate.
 56801 | Elf:3    | Entered Level 3 of the Elven Halls
 57962 | Elf:3    | Paralysed by an air elemental for 1 turns
 59654 | Elf:3    | Reached skill level 18 in Conjurations
 59845 | Elf:3    | Identified the +7 trident "Dats" {venom, rN++}
 60325 | Elf:3    | Identified the +4 falchion "Tapit" {heavy, Fragile +Blink
                  | rCorr Dex+2}
 60336 | Elf:3    | Gained mutation: You are completely covered in large bone
                  | plates. (SH +8) [demonic ancestry]
 60336 | Elf:3    | Reached XP level 19. HP: 134/152 MP: 18/33
 60432 | Elf:3    | Killed from afar by a crystal guardian

Illustrated notes

Levels and vault maps discovered:
D:1:      evilmike_arrival_plus, layout_loops_ring,
          shapermc_ecumenical_altar_petra
D:2:      layout_loops_corners, uniq_jessica
D:3:      layout_loops_ring, mainiacjoe_overflow_catwalk_spiral, serial_shops,
          shop, shop, shop
D:4:      layout_rooms, minmay_joined_circles
D:5:      layout_basic, amcnicky_altar_gilded, portal_sewer_entry_d,
          grunt_decor_mini_mirrors, minmay_misc_feat_tower
D:6:      layout_cave_pools, trog_three_pillars_becter,
          minmay_temple_entry_large_hall
D:7:      layout_rooms, serial_shops, nicolae_diamond_shop,
          hangedman_decor_peaks_small, abandoned_shop,
          minmay_hollow_rounded_squares
D:8:      lemuel_castle_with_subvaults [lemuel_castle_interior_carwin_1],
          layout_cave_pools, uniq_erica
D:9:      layout_loops_ring
D:10:     layout_stronghold, serial_ice, serial_ice_j, serial_ice_b,
          serial_ice_h, serial_ice_d, serial_ice_g, serial_ice_f
D:11:     layout_loops_corners, lair_entry_dummy, minivault_4, uniq_sonja,
          uniq_lodul
D:12:     layout_long_grid, david_orc_1_choice, uniq_maurice
D:13:     layout_roguey, uniq_josephine
D:14:     nicolae_hitomezashi [nicolae_hito_row, nicolae_hito_row,
          nicolae_hito_row, nicolae_hito_row, nicolae_hito_row,
          nicolae_hito_row, nicolae_hito_row, nicolae_hito_row,
          nicolae_hito_row, nicolae_hito_row, nicolae_hito_row,
          nicolae_hito_row, nicolae_hito_row, nicolae_hito_row,
          nicolae_hito_row, nicolae_hito_row, nicolae_hito_row,
          nicolae_hito_row], layout_basic, lightli_vaults_fourway_checkpoint,
          chequers_garden, portal_ice_cave_entry_pillars_2,
          kennysheep_generic_room_5
D:15:     gammafunk_enter_depths_forms, layout_loops_corners
Temple:   compressed_dpeg_circular_temple
Lair:1:   layout_roguey, lemuel_fruit_fields, lemuel_fruit_tree, uniq_amaemon
Lair:2:   layout_roguey, palyth_hydra_swamp_entry,
          minmay_snake_entry_guardpost_small, grunt_megastairs_1
Lair:3:   layout_regular_city, grunt_forest_large_clearings,
          serial_bayou_shore_a
Lair:4:   layout_roguey, gauntlet_entry_generic, grunt_megastairs_2, uniq_nessos
Lair:5:   gammafunk_lair_ancient_temple, layout_cave_pods,
          dpeg_slime_entry_enclosed, cheibrodos_lair_lostbears, uniq_snorg
Swamp:1:  layout_basic_swamp, evilmike_swamp_ruin_wall
Swamp:2:  layout_basic_swamp, nicolae_swamp_very_dense_foliage
Swamp:3:  layout_basic_swamp, nicolae_swamp_big_swirl
Swamp:4:  swamp_alternative, layout_basic_swamp, swamp_pool4,
          nicolae_swamp_godswood, nicolae_swamp_bloodsuckers_inc,
          infiniplex_staircase_pool_2
Snake:1:  layout_honeycomb, serial_bayou_pond_e, uniq_aizul
Snake:2:  layout_rooms, ebering_ghost_disaster_area, minmay_shoptagon
Snake:3:  layout_onion_interference, serial_shops, shop
Snake:4:  grunt_snake_rune_pools, layout_grid_shapes, grunt_ministairs_15,
          nicolae_snake_springs, uniq_kirke
Orc:1:    layout_diamond_mine, nicolae_volcano_entry_s_turn,
          guppyfry_library_mini, uniq_fannar
Orc:2:    grunt_orc_community_town_hall, layout_caves,
          grunt_orc_community_big_house_2, grunt_orc_community_big_house_1,
          grunt_orc_community_house_3, grunt_orc_community_house_2,
          grunt_orc_community_house_3, grunt_orc_community_house_3,
          grunt_orc_community_house_3, okawaru_metal_pillars_1_2
Elf:1:    elf_arrival_002, layout_loops_corners, basic_altar,
          minmay_elf_necromancy, uniq_agnes
Elf:2:    nicolae_elf_blades_crystal_corner, layout_onion_city
Elf:3:    minmay_elf_hall_golems, layout_geoelf_castle, grunt_ministairs_14,
          hangedman_elf_simple_split, minmay_elf_sorcery

Skill      XL: |  1  2  3  4  5  6  7  8  9 10 11 12 13 14 15 16 17 18 |
---------------+-------------------------------------------------------+-----
Maces & Flails | 3 4 |  4.0
Fire Magic     | 3 4 5 7 8 9 10 | 10.0
Spellcasting   | 2 3 5 6 7 10 | 10.0
Conjurations   | 2 3 6 7 8 9 10 11 14 16 18 | 18.4
Shields        | 4 |  4.0
Armour         | 2 5 6 7 8 |  8.0
Fighting       | 5 8 11 12 14 | 14.0
Earth Magic    | 1 9 10 13 15 16 | 16.9
Invocations    | 8 9 |  9.1
Necromancy     | 7 |  7.0
Air Magic      | 3 |  3.0

Action                     |  1- 3 |  4- 6 |  7- 9 | 10-12 | 13-15 | 16-18 | 19-21 || total
---------------------------+-------+-------+-------+-------+-------+-------+-------++-------
  Melee: Mace              |    55 |    36 |    41 |   251 |   189 |       |       ||   572
         Touch             |       |     6 |     4 |     1 |       |       |       ||    11
         Demon whip        |       |       |       |       |    16 |    18 |       ||    34
         Spear             |       |       |       |       |       |    22 |       ||    22
         Staff             |       |       |       |       |       |    49 |       ||    49
  Throw: Boomerang         |    59 |    25 |       |       |       |       |       ||    84
         Stone             |       |     1 |    13 |     1 |     2 |       |       ||    17
   Cast: Scorch            |       |    35 |   109 |   121 |   225 |     9 |       ||   499
         Flame Wave        |       |       |    24 |    90 |    57 |    13 |       ||   184
         Kindle Blastspark |       |       |       |     1 |       |       |       ||     1
         Stone Arrow       |       |       |       |       |   532 |  1195 |     7 ||  1734
         Lehudib's Crystal |       |       |       |       |       |     4 |     3 ||     7
         Mephitic Cloud    |       |       |       |       |       |     2 |       ||     2
         Sticky Flame      |       |       |       |       |       |     1 |       ||     1
 Invoke: Foxfire Swarm     |       |       |     3 |       |       |       |       ||     3
         Rising Flame      |       |       |       |     1 |       |       |       ||     1
         Channel Magic     |       |       |       |       |     3 |    17 |     1 ||    21
  Evoke: Wand              |       |       |       |     2 |     8 |     2 |     1 ||    13
         Condenser vane    |       |       |       |       |     2 |     3 |       ||     5
         Box of beasts     |       |       |       |       |     1 |       |       ||     1
         Phial of floods   |       |       |       |       |     1 |       |       ||     1
    Use: Scroll            |     2 |     1 |    13 |     7 |    19 |     3 |       ||    45
         Potion            |       |       |       |     8 |     4 |     1 |       ||    13
   Stab: Petrified         |       |       |       |       |     5 |       |       ||     5
         Distracted        |       |       |       |       |       |     1 |       ||     1
         Confused          |       |       |       |       |       |     1 |       ||     1
 Armour: Robe              |    12 |     8 |    26 |       |       |       |       ||    46
         Acid dragon scale |       |       |       |   188 |   349 |   308 |     3 ||   848
  Dodge: Dodged            |    35 |    26 |    48 |   176 |   290 |   206 |     3 ||   784
  Block: Other             |    10 |    10 |    18 |     1 |       |       |       ||    39
         Buckler           |       |       |       |   187 |   361 |   315 |     1 ||   864

Table legend: (Time is in decaauts)
 A = Elapsed time spent in this place.
 B = Non-inter-level travel time spent in this place.
 C = Inter-level travel time spent in this place.
 D = Time resting spent in this place.
 E = Time spent auto-exploring this place.
 F = Levels seen in this place.
 G = Mean time per level.
                   A        B        C        D        E       F      G
               +--------+--------+--------+--------+--------+-----+--------+
         Total |  61061 |  58344 |   2717 |  14946 |  35020 |  35 | 1744.6 |
       Dungeon |  22099 |  20696 |   1403 |   3644 |  14072 |  15 | 1473.3 |
        Temple |     78 |     60 |     18 |      0 |      0 |   1 |   78.0 |
          Lair |   9007 |   8618 |    389 |   1756 |   5460 |   5 | 1801.4 |
         Swamp |   8036 |   7749 |    287 |   2276 |   4636 |   4 | 2009.0 |
     Snake Pit |  10907 |  10562 |    345 |   4472 |   4731 |   4 | 2726.8 |
  Orcish Mines |   3500 |   3399 |    101 |   1110 |   1574 |   2 | 1750.0 |
   Elven Halls |   7184 |   7012 |    172 |   1637 |   4404 |   3 | 2394.7 |
         Sewer |    246 |    246 |      0 |     49 |    142 |   1 |  246.0 |
               +--------+--------+--------+--------+--------+-----+--------+

Top non-repeatable levels by time:
 Snake:4: 4771 daAuts
   Elf:3: 3134 daAuts
 Swamp:4: 3036 daAuts
  Lair:5: 2673 daAuts
 Snake:2: 2560 daAuts
   Elf:1: 2493 daAuts
    D:15: 2280 daAuts
   Orc:2: 2187 daAuts
  Lair:2: 2163 daAuts
 Snake:3: 2038 daAuts
    D:13: 2036 daAuts
     D:8: 2028 daAuts
    D:12: 1974 daAuts
 Swamp:3: 1928 daAuts
    D:11: 1838 daAuts
